 Dungeon Crawl Stone Soup version 0.27.1-33-g824d729ab1 (webtiles) character file.

Game seed: 12035426318953167048

21 daervis the Skirmisher (level 2, 0/19 HPs)
             Began as a Gargoyle Berserker on Dec 23, 2021.
             Was a Follower of Trog.
             Slain by a jackal (1 damage)
             ... on level 1 of the Dungeon.
             The game lasted 00:03:40 (215 turns).

daervis the Skirmisher (Gargoyle Berserker)          Turns: 215, Time: 00:03:40

Health: 0/19       AC:  8    Str: 20    XL:     2   Next: 83%
Magic:  2/2        EV: 11    Int:  7    God:    Trog [*.....]
Gold:   0          SH:  0    Dex:  9    Spells: 1/1 levels left

rFire    . . .     SeeInvis .   a - +0 hand axe
rCold    . . .     Faith    .   (no shield)
rNeg     + . .     Spirit   .   c - +0 ring mail
rPois    ∞         Reflect  .   (no helmet)
rElec    +         Harm     .   (no cloak)
rCorr    .         Rampage  .   (no gloves)
Will     .....                  (no boots)
Stlth    ..........             (no amulet)
HPRegen  0.06/turn              (no ring)
MPRegen  0.08/turn              (no ring)

@: on berserk cooldown, slowed, very slow
A: sickness immunity, AC +2, negative energy resistance 1, electricity
resistance, torment resistance 1, petrification resistance
a: Renounce Religion, Berserk


You were on level 1 of the Dungeon.
You worshipped Trog.
Trog was aware of your devotion.
You visited 1 branch of the dungeon, and saw 2 of its levels.

Inventory:

Hand Weapons
 a - a +0 hand axe (weapon)
Armour
 b - a +0 animal skin
 c - a +0 ring mail (worn)
Potions
 d - a potion of flight {unknown}
 e - a potion of brilliance {unknown}


   Skills:
 + Level 3.5 Fighting
 * Level 3.4 Axes
 + Level 2.2 Armour
 - Level 1.5 Dodging


You had one spell level left.
You didn't know any spells.
Your spell library was empty.

Dungeon Overview and Level Annotations

Branches:
Dungeon (2/15)

Altars:


Innate Abilities, Weirdness & Mutations

You are immune to sickness and miasma.
Your stone body is resilient. (AC +2)
You are immune to poison.
You resist negative energy. (rN+)
You are resistant to electric shocks. (rElec)
You are resistant to unholy torment.
You are immune to petrification.


Message History

The jackal closely misses you.
There is an open door here.
The jackal barks!
There is a stone staircase leading down here.
The jackal bites you but does no damage.
You hit the jackal but do no damage.
The jackal is severely wounded.
The jackal completely misses you. The rat bites you but does no damage.
The jackal bites you.
* * * LOW HITPOINT WARNING * * *
You closely miss the jackal.
The jackal is severely wounded.
You hit the jackal. You barely miss the rat. The jackal closely misses you. x2
The rat twitches its whiskers.
The rat closely misses you. The jackal closely misses you.
The jackal barely misses you. The rat barely misses you.
You closely miss the jackal.
The jackal is severely wounded.
You closely miss the rat. You hit the jackal.
You kill the jackal!
Trog accepts your kill.
The jackal bites you but does no damage.
The jackal barely misses you.
The jackal bites you but does no damage.
The rat completely misses you. The jackal barely misses you.
You barely miss the jackal.
The jackal is severely wounded.
You hit the rat.
You kill the rat!
Trog accepts your kill.
You closely miss the jackal.
A bat comes into view.
The jackal bites you but does no damage. x2
The jackal barely misses you.
The jackal bites you but does no damage. x2
You hit the jackal but do no damage.
The jackal is heavily wounded.
You hit the jackal. The jackal closely misses you. The jackal misses you.
The jackal bites you.
You die...

#.(.......#
########..(......########
...##..†.................
''##..########...........
...#..# #...........
<..#..# #...........
...#..# #...........
...#.## #...........
++##.# #..@........
.....# #.hh†.......
###### ###'########
##[.b†...... #...........
#..............
#.#h........... #
#............
#............


You could see 2 jackals and a bat.

Vanquished Creatures
  2 bats (D:1)
  2 endoplasms (D:1)
  A giant cockroach (D:1)
  A goblin (D:1)
  3 hobgoblins (D:1)
  4 jackals (D:1)
  A quokka (D:1)
  A ball python (D:1)
  A rat (D:1)
16 creatures vanquished.

Notes
Turn   | Place    | Note
-------+----------+-------------------------------------------
     0 | D:1      | daervis the Gargoyle Berserker began the quest for the Orb.
     0 | D:1      | Reached XP level 1. HP: 14/14 MP: 1/1
    20 | D:1      | You fall into a shaft and drop 1 floor!
    76 | D:1      | Found a faded altar of an unknown god.
    89 | D:1      | Reached XP level 2. HP: 18/19 MP: 2/2
   215 | D:1      | Slain by a jackal

Illustrated notes

Levels and vault maps discovered:
D:1:      dpeg_arrival_windows_large_door, layout_basic,
          hellmonk_ecumenical_altar_run_dry
D:2:      layout_basic, basic_altar, serial_shops, shop,
          kennysheep_pointless_box, uniq_sigmund, uniq_terence

Skill      XL: |  1 |
---------------+----+-----
Axes           | 3 |  3.4
Fighting       | |  3.5
Armour         | |  2.2
Dodging        | |  1.5

Action                   || total
-------------------------++-------
Melee: Hand axe          ||    38
Invok: Berserk           ||     1
Armor: Ring mail         ||    43
Dodge: Dodged            ||    57
